AoeStats
← busy pushing deer

Nomad

510640680Analyzed
4v4 RM · 24h ago on Oct 1, 2026· 40m 25s· 8 players
Game mode
Random Map
Map size
231×231
Population
200
Speed
Normal
Resources
Standard
Victory
Conquest
Starting age
Dark Age
Ending age
Imperial Age
RankedLock teamsTeams togetherTeam positionsShared explorationLock speedFull tech treeHidden civsTurbo modeCheats
Victory
Defeat
🇵🇹 Goths · Portugal
1499
+14
🇹🇼 Teutons · Taiwan
1478
+15
🇭🇰 Tatars · Hong Kong SAR China
1422
+17
🇺🇸 Jurchens · United States
1388
+20
🇨🇱 Huns · Chile
1483
-18
🇺🇸 Britons · United States
1466
-17
🇧🇷 Armenians · Brazil
1447
-16
🇺🇸 Burmese · United States
1423
-15
TmZ_Mosquito Sedutor
5:40 Loom
14:19 Feudal Age
14:54 Double-Bit Axe
14:52 Horse Collar
15:07 Gold Mining
15:10 Fishing Lines
21:06 Castle Age
21:48 Scale Mail Armor
21:58 Forging
22:05 Bow Saw
22:30 Gold Shaft Mining
22:02 Gillnets
22:37 Heavy Plow
23:52 Squires
23:53 Gambesons
23:28 Man-at-Arms
24:30 Arson
24:27 Long Swordsman
25:49 Chain Mail Armor
26:10 Iron Casting
26:39 Wheelbarrow
26:05 Two-Handed Swordsman
28:41 Iron Casting
28:53 Iron Casting
28:07 Champion
30:36 Town Watch
33:57 Hand Cart
37:36 Imperial Age
34:37 Pikeman
35:50 Stone Mining
35:42 Halberdier
OfFspRlNg
6:07 Loom
13:54 Feudal Age
18:23 Castle Age
18:19 Horse Collar
20:32 Heavy Plow
26:22 Wheelbarrow
28:33 Hand Cart
29:13 Bloodlines
29:03 Husbandry
29:09 Padded Archer Armor
30:29 Gold Mining
30:39 Fletching
34:51 Imperial Age
34:55 Elite Arambai
36:38 Crop Rotation
36:58 Conscription
36:56 Bodkin Arrow
busy pushing deer
14:06 Feudal Age
15:09 Double-Bit Axe
18:01 Castle Age
16:12 Stone Mining
16:13 Fishing Lines
16:42 Gold Mining
19:07 Bow Saw
19:49 Wheelbarrow
19:00 Town Watch
19:55 Gold Shaft Mining
20:24 Loom
22:44 Gillnets
23:45 Ballistics
26:24 Horse Collar
27:15 Fletching
28:00 Bodkin Arrow
28:06 Padded Archer Armor
32:01 Imperial Age
30:10 Leather Archer Armor
30:29 Scale Mail Armor
30:39 Forging
29:51 Pikeman
30:32 Squires
30:56 Guard Tower
32:32 Chain Mail Armor
32:48 Bracer
32:17 Halberdier
34:40 Two-Man Saw
36:15 Chemistry
36:31 Ring Archer Armor
37:31 Chain Mail Armor
40:23 Yeomen
[InsecT] ScoTherroR
4:03 Loom
14:11 Feudal Age
16:02 Double-Bit Axe
15:58 Horse Collar
19:04 Castle Age
18:41 Scale Barding Armor
18:47 Forging
20:45 Bloodlines
23:04 Chain Barding Armor
29:51 Bow Saw
32:27 Wheelbarrow
34:11 Hand Cart
34:09 Light Cavalry
LiquidSteel71
5:04 Loom
14:31 Feudal Age
18:34 Castle Age
16:31 Horse Collar
16:47 Double-Bit Axe
19:03 Fishing Lines
20:12 Medium Warships
21:09 Gillnets
21:48 Fletching
21:49 Horse Collar
22:36 Bodkin Arrow
25:06 Gold Mining
25:06 Stone Mining
27:25 Bow Saw
27:53 Wheelbarrow
32:56 Imperial Age
31:00 Scale Barding Armor
31:05 Forging
32:08 Gold Shaft Mining
32:30 Chain Barding Armor
32:12 Husbandry
32:22 Bloodlines
33:53 Iron Casting
33:14 Elite Steppe Lancer
35:25 Plate Barding Armor
35:45 Heavy Plow
38:17 Chemistry
37:37 Ballistics
38:20 Blast Furnace
37:50 Siege Engineers
37:40 Murder Holes
37:48 Bracer
37:49 Padded Archer Armor
40:22 Capped Ram
(3A) Lü Bu king
12:53 Loom
15:05 Feudal Age
16:28 Double-Bit Axe
16:34 Fishing Lines
19:44 Castle Age
21:49 Wheelbarrow
20:55 Horse Collar
21:36 Heavy Plow
22:19 Gold Mining
22:51 Scale Barding Armor
23:58 Chain Barding Armor
26:34 Forging
27:09 Hand Cart
27:10 Bloodlines
31:24 Imperial Age
29:43 Iron Casting
31:27 Cavalier
33:16 Plate Barding Armor
33:41 Blast Furnace
33:15 Paladin
35:40 Bow Saw
36:49 Conscription
适才相戏耳
6:46 Loom
13:43 Feudal Age
17:57 Castle Age
16:46 Double-Bit Axe
17:14 Stone Mining
17:46 Bloodlines
17:49 Horse Collar
19:45 Bow Saw
23:16 Wheelbarrow
23:53 Scale Barding Armor
25:03 Gold Mining
28:33 Chain Barding Armor
28:23 Forging
28:40 Heavy Plow
33:17 Imperial Age
31:40 Hand Cart
36:15 Husbandry
Santoryu
4:35 Loom
14:14 Feudal Age
18:02 Castle Age
16:18 Double-Bit Axe
16:22 Fishing Lines
18:57 Bow Saw
19:16 Fletching
23:54 Scale Mail Armor
27:12 Chain Mail Armor
29:52 Horse Collar
30:58 Wheelbarrow
32:35 Hand Cart
36:07 Imperial Age
34:03 Forging
34:39 Gold Mining
34:39 Stone Mining
35:27 Iron Casting
34:58 Anarchy
35:00 Squires
37:12 Conscription
36:28 Elite Huskarl
38:40 Blast Furnace
38:39 Bodkin Arrow
38:30 Pikeman
39:22 Perfusion
39:16 Capped Ram
Connection lost

Rejoining the realm…

Still unreachable

The connection could not be restored.

Session expired

The server has moved on; the page needs a fresh start.